AoeStats
← Sigi

Pilgrims

508364990Analyzed
4v4 RM · 9d ago on Sep 22, 2026· 23m 33s· 8 players
Game mode
Random Map
Map size
Large (8 player)
Population
200
Speed
Normal
Resources
Standard
Victory
Conquest
Starting age
Dark Age
Ending age
Imperial Age
RankedLock teamsTeams togetherTeam positionsShared explorationLock speedFull tech treeHidden civsTurbo modeCheats
Victory
Defeat
🇵🇪 Japanese · Peru
1473
+12
1386
+16
🇮🇳 Persians · India
1356
+17
🇹🇼 Lithuanians · Taiwan
1295
+19
🇪🇨 Saracens · Ecuador
1528
-21
🇦🇷 Persians · Argentina
1366
-16
🇲🇽 Ethiopians · Mexico
1326
-14
🇨🇴 Mongols · Colombia
1293
-13
Yucatan_water_supremacy
4:18 Loom
12:40 Feudal Age
13:59 Town Watch
17:05 Castle Age
18:15 Town Watch
18:35 Fishing Lines
19:08 Medium Warships
21:25 Fletching
Manuel24
9:11 Loom
10:56 Feudal Age
19:01 Wheelbarrow
18:23 Stone Mining
18:26 Double-Bit Axe
23:08 Castle Age
21:17 Gold Mining
23:56 Scale Mail Armor
cha0300775
4:39 Loom
11:24 Feudal Age
12:23 Double-Bit Axe
14:02 Stone Mining
15:29 Fletching
16:30 Man-at-Arms
17:22 Arson
20:15 Castle Age
18:52 Gold Mining
19:34 Arson
22:17 Wheelbarrow
23:27 Bow Saw
23:26 Town Watch
Vu_PY
5:12 Loom
11:55 Feudal Age
12:23 Fishing Lines
16:32 Castle Age
14:30 Double-Bit Axe
15:16 Fletching
21:37 Wheelbarrow
21:19 Horse Collar
22:35 Bodkin Arrow
Sigi
3:43 Loom
14:33 Feudal Age
18:14 Castle Age
16:36 Double-Bit Axe
17:22 Fishing Lines
18:06 Horse Collar
19:27 Fletching
21:58 Bodkin Arrow
dario_def
10:49 Feudal Age
13:16 Gold Mining
15:39 Loom
18:01 Horse Collar
19:03 Wheelbarrow
18:17 Town Watch
20:56 Castle Age
21:53 Fletching
23:10 Wheelbarrow
22:28 Horse Collar
[SotC] Maxeld
8:04 Loom
11:48 Feudal Age
13:12 Double-Bit Axe
15:17 Fletching
16:05 Padded Archer Armor
16:03 Town Watch
17:59 Wheelbarrow
24:46 Castle Age
[SotC] Gandalf
3:50 Loom
12:47 Feudal Age
13:30 Double-Bit Axe
13:34 Town Watch
15:46 Wheelbarrow
21:26 Castle Age
Connection lost

Rejoining the realm…

Still unreachable

The connection could not be restored.

Session expired

The server has moved on; the page needs a fresh start.